 Dungeon Crawl Stone Soup version 0.29.1-15-g9cfb28693d (webtiles) character file.

Game seed: 2679386033167165088

416 Peloso the Covered (level 6, -3/53 HPs)
             Began as a Minotaur Fighter on Mar 6, 2023.
             Slain by Duvessa
             ... wielding a +2 antimagic rapier
              (10 damage)
             ... on level 4 of the Dungeon.
             The game lasted 00:08:05 (3474 turns).

Peloso the Covered (Minotaur Fighter)               Turns: 3474, Time: 00:08:06

Health: -3/53      AC: 14    Str: 21    XL:     6   Next: 60%
Magic:  0/5        EV:  9    Int:  5    God:
Gold:   259        SH:  6    Dex: 21    Spells: 5/5 levels left

rFire   . . .      SeeInvis .   b - +4 hand axe "Giabray" {vamp, Dex+4}
rCold   . . .      Faith    .   d - +0 buckler
rNeg    + + .      Spirit   .   i - +0 pearl dragon scales
rPois   .          Reflect  .   (helmet restricted)
rElec   .          Harm     .   (no cloak)
rCorr   .          Rampage  .   (no gloves)
Will    .....                   c - +1 pair of boots
Stlth   ..........              s - amulet of the acrobat
HPRegen 0.17/turn               k - ring of positive energy
MPRegen 0.09/turn               j - +6 ring of dexterity

@: no status effects
A: horns 2, retaliatory headbutt
a: no special abilities


You were on level 4 of the Dungeon.
You visited 1 branch of the dungeon, and saw 6 of its levels.

You collected 259 gold pieces.

Inventory:

Hand Weapons
 a - a +1 long sword
 b - the +4 hand axe "Giabray" (weapon) {vamp, Dex+4}
   (You found it on level 3 of the Dungeon)

   It occasionally heals its wielder for a portion of the damage dealt when it
   wounds a living foe.
   Dex:       It affects your dexterity (+4).
Armour
 c - a +1 pair of boots (worn)
 d - a +0 buckler (worn)
 i - +0 pearl dragon scales (worn)
Jewellery
 j - a +6 ring of dexterity (right hand)
 k - a ring of positive energy (left hand)
 q - an amulet of magic regeneration
 s - an amulet of the acrobat (around neck)
Scrolls
 e - a scroll of teleportation
 g - 2 scrolls of torment {unknown}
 l - 2 scrolls of amnesia {unknown}
 r - a scroll of fog {unknown}
Potions
 f - a potion of flight
 h - 3 potions of might
 m - a potion of mutation {unknown}
 o - a potion of cancellation {unknown}
 p - 2 potions of lignification {unknown}


   Skills:
 + Level 4.7 Fighting
 + Level 5.1 Long Blades
 + Level 1.9 Axes
 + Level 5.8 Armour
 + Level 1.2 Dodging
 + Level 0.2 Stealth
 + Level 4.5 Shields


You had 5 spell levels left.
You didn't know any spells.
Your spell library contained the following spells:

 Spells                   Type           Power      Damage    Failure   Level
 Ensorcelled Hibernation  Hex/Ice        0%         N/A       97%         2
 Passwall                 Tmut/Erth      0%         N/A       97%         2
 Swiftness                Air            0%         N/A       100%        3
 Olgreb's Toxic Radiance  Pois           0%         N/A       100%        4
 Ozocubu's Refrigeration  Ice            0%         4d7       100%        7
 Ignition                 Fire           0%         3d3       100%        8


Dungeon Overview and Level Annotations

Branches:
Dungeon (6/15)
 Temple: D:4-7

Altars:
Trog
The Shining One

Annotations:
D:4 Duvessa


Innate Abilities, Weirdness & Mutations

You have a pair of horns on your head.
You reflexively headbutt those who attack you in melee.


Message History

Duvessa is heavily wounded.
Duvessa closely misses you. You block Duvessa's attack.
You hit Duvessa.
You feel better.
Duvessa is heavily wounded.
Duvessa hits you with a +2 antimagic rapier.
Duvessa completely misses you.
You hit Duvessa.
You feel better.
Duvessa is severely wounded.
Duvessa hits you with a +2 antimagic rapier! x2
* * * LOW HITPOINT WARNING * * *
You hit Duvessa.
You feel better.
Your headbutt misses Duvessa.
Duvessa is severely wounded.
Duvessa hits you but does no damage.
Duvessa hits you with a +2 antimagic rapier.
* * * LOW HITPOINT WARNING * * *
You hit Duvessa.
Duvessa is almost dead.
You block Duvessa's attack.
Duvessa hits you with a +2 antimagic rapier!
* * * LOW HITPOINT WARNING * * *
Okay, then.
Okay, then.
It was a potion of curing.
You feel better. You block Duvessa's attack.
You feel better. You block Duvessa's attack. Duvessa barely misses you.
You hit Duvessa but do no damage. Your headbutt misses Duvessa.
Duvessa is almost dead.
Duvessa closely misses you. Duvessa hits you but does no damage.
You closely miss Duvessa. You headbutt Duvessa, but do no damage.
Duvessa is almost dead.
You block Duvessa's attack.
You hit Duvessa.
Duvessa is almost dead.
Duvessa hits you with a +2 antimagic rapier!
* * * LOW HITPOINT WARNING * * *
You feel your power leaking away. You block Duvessa's attack.
You hit Duvessa.
Duvessa is almost dead.
Duvessa hits you with a +2 antimagic rapier!
You die...

#..........#....# .
#...........[...###.#.## #
##........#............. #
.....####.....##........ #
##.### ###...##........ #
#.# #.....#........ . #.#
##.#.#.#........ . #.###
##..#.#.......... #
#..)###.......)@....... #
###............e.......
#####...................
#........[..............
........................
................).......
##......#................##
..........#.####..........
............# ...........#


You could see Duvessa (berserk).

Vanquished Creatures
  A centaur (D:4)
  A scorpion (D:5)
  Dowan (D:4)
  2 orc priests (D:6)
  7 adders
  An ufetubus (D:4)
  4 worms (D:2)
  12 orcs
  13 bats
  7 endoplasms
  3 giant cockroaches
  7 goblins
  6 hobgoblins
  3 quokkas (D:1)
  8 ball pythons
  3 frilled lizards
  4 kobolds
  10 rats
93 creatures vanquished.

Notes
Turn   | Place    | Note
-------+----------+-------------------------------------------
     0 | D:1      | Peloso the Minotaur Fighter began the quest for the Orb.
     0 | D:1      | Reached XP level 1. HP: 19/19 MP: 0/0
   277 | D:1      | Reached XP level 2. HP: 27/27 MP: 1/1
   619 | D:1      | Reached XP level 3. HP: 33/33 MP: 2/2
  1390 | D:2      | Found a glowing golden altar of the Shining One.
  1394 | D:2      | Found a faded altar of an unknown god.
  1444 | D:2      | Reached XP level 4. HP: 40/40 MP: 3/3
  1739 | D:3      | Identified the +4 hand axe "Giabray" {vamp, Dex+4}
  2405 | D:4      | You fall into a shaft and drop 2 floors!
  2563 | D:6      | Reached skill level 5 in Armour
  2563 | D:6      | Reached XP level 5. HP: 25/47 MP: 4/4
  2789 | D:6      | Found a bloodstained altar of Trog.
  2969 | D:5      | Entered Level 5 of the Dungeon
  3077 | D:4      | Noticed Duvessa
  3077 | D:4      | Noticed Dowan
  3094 | D:4      | Noticed a centaur
  3346 | D:4      | Reached XP level 6. HP: 53/53 MP: 5/5
  3395 | D:4      | Reached skill level 1 in Dodging
  3455 | D:4      | Reached skill level 5 in Long Blades
  3455 | D:4      | Reached skill level 1 in Axes
  3461 | D:4      | Killed Dowan
  3468 | D:4      | HP: 1/53 [Duvessa/+2 antimagic rapier (11)]
  3474 | D:4      | Slain by Duvessa

Illustrated notes

Levels and vault maps discovered:
D:1:      scummos_arrival_star, layout_loops_ring
D:2:      layout_basic, basic_altar, chequers_ecumenical_altar_simple_redux
D:3:      layout_rooms, hex_tiny
D:4:      layout_rooms, minmay_temple_entry_proselytizer, uniq_duvessa,
          uniq_blork_the_orc
D:5:      layout_layer_cave, nicolae_ashenzari_skybound, serial_glass,
          glass_columns_c, glass_columns_a, glass_columns_c, glass_columns_b,
          glass_columns_a, glass_columns_b, glass_columns_a, glass_columns_b,
          grunt_decor_fettered
D:6:      layout_layer_cave, kennysheep_mini, minmay_misc_feat_rugged,
          guppyfry_early_elven_hall

Skill      XL: |  1  2  3  4  5  6 |
---------------+-------------------+-----
Fighting       | 4 |  4.7
Armour         | 4 5 |  5.8
Shields        | 4 |  4.5
Long Blades    | 3 4 5 |  5.1
Dodging        | 1 |  1.2
Axes           | 1 |  1.9
Stealth        | |  0.2

Action                   |  1- 3 |  4- 6 || total
-------------------------+-------+-------++-------
Melee: Long sword        |    94 |    70 ||   164
       Headbutt          |    12 |    18 ||    30
       Hand axe          |       |    39 ||    39
  Use: Potion            |     2 |     2 ||     4
       Scroll            |       |     5 ||     5
Armor: Scale mail        |    49 |    36 ||    85
       Pearl dragon scal |       |    40 ||    40
Dodge: Dodged            |    55 |    65 ||   120
Block: Buckler           |    23 |    45 ||    68
